 Seeded DCSS version 0.27-a0-1202-ge72e49191c (webtiles) character file.

Game seed: 20210629 (custom seed)

531145 Snicker the Imperceptible (level 24, 0/201 HPs)
             Began as a Demonspawn Brigand on June 2, 2021.
             Was an Initiate of Gozag.
             Hit by a silver javelin thrown by a merfolk javelineer (16 damage)
             ... on level 2 of the Shoals on June 3, 2021.
             The game lasted 02:53:19 (57207 turns).

Snicker the Imperceptible (Demonspawn Brigand)     Turns: 57207, Time: 02:53:22

Health: 0/201      AC: 14    Str: 17    XL:     24   Next: 96%
Magic:  0/36       EV: 29    Int: 15    God:    Gozag
Gold:   4602       SH: 25    Dex: 29    Spells: 23/36 levels left

rFire    + + .     SeeInvis .   a - +9 quick blade (freeze)
rCold    + + .     Faith    .   R - +2 shield of Resistance {rF++ rC++ Will++}
rNeg     + . .     Spirit   +   d - +2 faerie dragon scales {rElec rPois rN+ rCorr Dex+4}
rPois    +         Reflect  .   (helmet unavailable)
rElec    +         Harm     .   I - +2 cloak "Qiofical" {Str+2}
rCorr    +         Rampage  .   (gloves unavailable)
Will     ++++.                  (boots unavailable)
Stlth    +++++++++.             q - brooch of Shielding {Spirit SH+8}
HPRegen  0.43/turn              w - +4 ring of slaying
MPRegen  0.25/turn              j - +4 ring of slaying

@: studying 2 skills
A: claws 3, horns 3, talons 3, hurl damnation, ignite blood 2, powered by death
2, torment resistance 1, demonic willpower, thin skeletal structure 1, agile 1,
high mp 1, electricity resistance, subdued magic 1
}: 2/15 runes: silver, gossamer
a: Hurl Damnation, Renounce Religion, Potion Petition, Call Merchant, Bribe
Branch


You were on level 2 of the Shoals.
You worshipped Gozag.
Gozag was most pleased with you.
You visited 9 branches of the dungeon, and saw 43 of its levels.
You visited the Abyss 1 time.

You collected 25318 gold pieces.
You spent 7221 gold pieces at shops.
You paid 13495 gold pieces to Gozag.

Inventory:

Hand Weapons
 a - a +9 quick blade of freezing (weapon)
 e - the +9 rapier of Dugruice {vorpal, Drain rElec MP-9 Str+8}
   (You found it on level 13 of the Dungeon)

   It inflicts extra damage upon your enemies.
   It affects your strength (+8).
   It insulates you from electricity.
   It affects your magic capacity (-9).
   It drains your maximum health when unequipped.
 W - the +2 quick blade "Killer Klown's Foe" {vorpal, +Rage rElec Will++ Dex-4}
   (You acquired it on level 2 of the Lair of Beasts)

   It inflicts extra damage upon your enemies.
   It affects your dexterity (-4).
   It insulates you from electricity.
   It lets you go berserk.
   It greatly increases your willpower.
Missiles
 h - 6 curare-tipped darts (quivered)
 F - 23 atropa-tipped darts
 M - 12 throwing nets
 V - 10 boomerangs of dispersal
Armour
 c - a +2 cloak of preservation
 d - the +2 faerie dragon scales (worn) {rElec rPois rN+ rCorr Dex+4}
   (You took it off the Enchantress on level 4 of the Depths)

   It affects your dexterity (+4).
   It insulates you from electricity.
   It protects you from poison.
   It protects you from negative energy.
   It protects you from acid and corrosion.
 i - the +3 scale mail "Nyokk" {rPois Regen+ Dex+3}
   (You bought it in a shop on level 1 of the Lair of Beasts)

   It affects your dexterity (+3).
   It protects you from poison.
   It increases your rate of health regeneration.
 I - the +2 cloak "Qiofical" (worn) {Str+2}
   (You bought it in a shop on level 5 of the Vaults)

   It affects your strength (+2).
 L - the +6 leather armour of Disappointment {rC+ rCorr Int+6 Dex-5}
   (You bought it in a shop on level 1 of the Vaults)

   It affects your intelligence (+6).
   It affects your dexterity (-5).
   It protects you from cold.
   It protects you from acid and corrosion.
 R - the +2 shield of Resistance (worn) {rF++ rC++ Will++}
   (You found it on level 11 of the Dungeon)

   It greatly protects you from fire.
   It greatly protects you from cold.
   It greatly increases your willpower.
 S - the +5 leather armour of the Nightingale {Harm Slay+2}
   (You bought it in a shop on level 5 of the Vaults)

   It affects your accuracy and damage with ranged weapons and melee attacks
   (+2).
   It increases damage dealt and taken.
Jewellery
 f - the ring "Noixajae" {*Corrode rPois rN+++ EV+4 Slay+2}
   (You bought it in a shop on level 2 of the Lair of Beasts)

   [ring of evasion]

   It affects your evasion (+4).
   It affects your accuracy and damage with ranged weapons and melee attacks
   (+2).
   It protects you from poison.
   It renders you almost immune to negative energy.
   It may corrode you when you take damage.
 j - a +4 ring of slaying (right claw)
 n - a ring of see invisible
 q - the brooch of Shielding (around neck) {Spirit SH+8}
   (You bought it in a shop on level 2 of the Lair of Beasts)

   [amulet of guardian spirit]

   It causes incoming damage to be divided between your reserves of health and
   magic.
   It affects your SH (+8).
 u - the amulet of Entrepreneurial Spirit {Acrobat Will++ Int+3}
   (You took it off a deep elf sorcerer on level 3 of the Elven Halls)

   [amulet of the acrobat]

   It increases your evasion while moving and waiting.
   It affects your intelligence (+3).
   It greatly increases your willpower.
 w - a +4 ring of slaying (left claw)
 G - an amulet of reflection
 J - the amulet of the Enemy {RegenMP Contam +Blink rC+ Int+3}
   (You bought it in a shop on level 1 of the Dungeon)

   [amulet of magic regeneration]

   It increases your rate of magic regeneration.
   It affects your intelligence (+3).
   It protects you from cold.
   It lets you blink.
   It causes magical contamination when unequipped.
Wands
 k - a wand of paralysis (19)
 m - a wand of charming (35)
 y - a wand of flame (74)
 B - a wand of digging (27)
 E - a wand of acid (29)
 H - a wand of mindburst (33)
 T - a wand of iceblast (45)
 Y - a wand of polymorph (38)
Scrolls
 g - 40 scrolls of identify
 s - 4 scrolls of enchant armour
 t - 2 scrolls of silence
 v - 10 scrolls of amnesia
 z - 8 scrolls of magic mapping
 A - 5 scrolls of enchant weapon
 N - 4 scrolls of fear
 U - 14 scrolls of teleportation
 Z - 6 scrolls of blinking
Potions
 b - a potion of berserk rage
 l - 5 potions of invisibility
 o - 5 potions of mutation
 p - 4 potions of ambrosia
 r - 22 potions of curing
 x - 9 potions of flight
 D - 4 potions of heal wounds
 K - a potion of cancellation
 O - 2 potions of brilliance
 P - a potion of might
 X - 6 potions of haste
Miscellaneous
 C - a piece from Xom's chessboard (15/15)


   Skills:
 + Level 19.1 Fighting
 - Level 14.5 Short Blades
 + Level 0.6 Maces & Flails
 + Level 3.0 Throwing
 + Level 12.3 Armour
 + Level 16.9 Dodging
 + Level 21.4 Stealth
 - Level 16.1 Shields
 + Level 6.6 Spellcasting
 + Level 9.5 Translocations
 + Level 6.0 Evocations


You had 23 spell levels left.
You knew the following spells:

 Your Spells              Type           Power      Damage    Failure   Level
a - Blink                 Tloc           N/A        N/A       1%          2
b - Manifold Assault      Tloc           25%        N/A       8%          5
c - Dispersal             Tloc           12%        N/A       41%         6

Your spell library contained the following spells:

 Spells                   Type           Power      Damage    Failure   Level
 Apportation              Tloc           50%        N/A       1%          1
 Gell's Gravitas          Tloc           12%        N/A       1%          3
 Passage of Golubria      Tloc           N/A        N/A       2%          4
 Portal Projectile        Hex/Tloc       28%        N/A       5%          3
 Animate Skeleton         Necr           6%         N/A       14%         1
 Corona                   Hex            3%         N/A       14%         1
 Foxfire                  Conj/Fire      12%        2x1d4     14%         1
 Freeze                   Ice            12%        1d4       14%         1
 Magic Dart               Conj           12%        1d3       14%         1
 Pain                     Necr           12%        1d4       14%         1
 Sandblast                Erth           6%         2d5       14%         1
 Sting                    Tmut/Pois      12%        1d3       14%         1
 Summon Small Mammal      Summ           12%        N/A       14%         1
 Iskenderun's Mystic Bla  Conj/Tloc      14%        2d5       21%         4
 Call Imp                 Summ           3%         N/A       22%         2
 Corpse Rot               Necr/Air       N/A        N/A       22%         2
 Ensorcelled Hibernation  Hex/Ice        6%         N/A       22%         2
 Passwall                 Tmut/Erth      2%         N/A       22%         2
 Poisonous Vapours        Pois/Air       6%         N/A       22%         2
 Searing Ray              Conj           6%         3d3       22%         2
 Slow                     Hex            3%         N/A       22%         2
 Confusing Touch          Hex            3%         N/A       41%         3
 Conjure Flame            Conj/Fire      3%         6-21      41%         3
 Dazzling Flash           Conj/Hex       6%         N/A       41%         3
 Ignite Poison            Fire/Tmut/Pois 3%         N/A       41%         3
 Inner Flame              Hex/Fire       3%         N/A       41%         3
 Mephitic Cloud           Conj/Pois/Air  3%         N/A       41%         3
 Stone Arrow              Conj/Erth      6%         3d7       41%         3
 Tukima's Dance           Hex            3%         N/A       41%         3
 Vampiric Draining        Necr           1%         2d6       41%         3
 Summon Forest            Summ/Tloc      7%         N/A       50%         5
 Animate Dead             Necr           1%         N/A       83%         4
 Cause Fear               Hex            1%         N/A       83%         4
 Dispel Undead            Necr           3%         3d7       83%         4
 Fulminant Prism          Conj/Hex       1%         3d6       83%         4
 Ice Form                 Ice/Tmut       3%         N/A       83%         4
 Leda's Liquefaction      Hex/Erth       1%         N/A       83%         4
 Olgreb's Toxic Radiance  Pois           3%         N/A       83%         4
 Petrify                  Tmut/Erth      3%         N/A       83%         4
 Sticky Flame             Conj/Fire      3%         2d3       83%         4
 Summon Ice Beast         Ice/Summ       3%         N/A       83%         4
 Summon Lightning Spire   Summ/Air       3%         N/A       83%         4
 Agony                    Necr           3%         N/A       99%         5
 Bolt of Magma            Conj/Fire/Erth 1%         4d4       99%         5
 Borgnjor's Vile Clutch   Necr/Erth      1%         N/A       99%         5
 Fireball                 Conj/Fire      1%         3d3       99%         5
 Lee's Rapid Deconstruct  Erth           1%         3d5*      99%         5
 Silence                  Hex/Air        1%         N/A       99%         5
 Summon Mana Viper        Hex/Summ       3%         N/A       99%         5
 Conjure Ball Lightning   Conj/Air       1%         3x3d6     100%        6
 Death Channel            Necr           1%         N/A       100%        6
 Freezing Cloud           Conj/Ice/Air   1%         6-21      100%        6
 Shadow Creatures         Summ           N/A        N/A       100%        6
 Simulacrum               Ice/Necr       1%         N/A       100%        6
 Haunt                    Necr/Summ      1%         N/A       100%        7
 Malign Gateway           Summ/Tloc      7%         N/A       100%        7
 Monstrous Menagerie      Summ           1%         N/A       100%        7
 Ozocubu's Refrigeration  Ice            1%         4d5       100%        7
 Summon Hydra             Summ           1%         N/A       100%        7
 Chain Lightning          Conj/Air       1%         N/A       100%        8
 Discord                  Hex            1%         N/A       100%        8
 Disjunction              Tloc           12%        N/A       100%        8
 Lehudib's Crystal Spear  Conj/Erth      1%         10d2      100%        8
 Summon Horrible Things   Summ           1%         N/A       100%        8
 Absolute Zero            Ice            1%         ∞         100%        9
 Fire Storm               Conj/Fire      1%         8d1       100%        9
 Tornado                  Air            1%         N/A       100%        9


Dungeon Overview and Level Annotations

Branches:
Dungeon (15/15)            Temple (1/1) D:6            Lair (6/6) D:9
 Shoals (2/4) Lair:2       Spider (4/4) Lair:2        Slime (0/5) Lair:6
    Orc (2/2) D:10            Elf (3/3) Orc:2        Vaults (5/5) D:14
  Crypt (0/3) Vaults:3     Depths (5/5) D:15            Zot (0/5) Depths:5

Altars:
Ashenzari
Cheibriados
Dithmenos
Elyvilon
Fedhas
Gozag
Hepliaklqana
Kikubaaqudgha
Makhleb
Nemelex Xobeh
Okawaru
Qazlal
Ru
Sif Muna
Trog
Uskayaw
Vehumet
Wu Jian
Xom
Yredelemnul
Zin
The Shining One
Beogh
Jiyva
Lugonu

Shops:
D:1 =   D:5 (   D:14 !   Orc:1 [   Orc:2 !*=*!:*   Elf:1 (   Lair:1 [
Lair:2 =   Shoals:1 (   Vaults:1 [   Vaults:5 [[=   Depths:2 *[=   Depths:3 !

Portals:
Hell: Depths:1 Depths:2 Depths:3 Depths:5
Abyss: Shoals:1 Spider:2
Pandemonium: Depths:3

Annotations:
Lair:1 exclusion: oklob plant
Lair:6 1 runed translucent door


Innate Abilities, Weirdness & Mutations

You have claws for hands.
You have a pair of large horns on your head.
You have claws for feet.
You can hurl damnation.
Your demonic aura often causes spilled blood to erupt in flames.
You regenerate health from kills.
You are resistant to unholy torment.
You punish those that try to bend your will. (Will+)
You have a somewhat thin skeletal structure. (Dex +2, Stealth+)
You are agile. (Dex +2)
You have an increased reservoir of magic. (+10% MP)
You are resistant to electric shocks. (rElec)
Your spells are a little easier to cast, but a little less powerful.


Message History

The silver javelin pierces through you! The silver sears you!
Throw: 7 darts (curare)
Press: ? - help, Q - select action, (/) - cycle Shift-Dir - straight line, f - merfolk javelineer
Aim: a merfolk javelineer, wielding a +2 vampiric spear, wearing a +0 leather armour and quivering silver javelins (water, 70% to hit)
You throw a curare-tipped dart.
The curare-tipped dart hits the merfolk javelineer.
The merfolk javelineer is poisoned.
The merfolk javelineer convulses.
The merfolk javelineer seems to slow down.
The merfolk javelineer is lightly wounded.
You hear a splash.
The merfolk javelineer throws a silver javelin.
The silver javelin pierces through you! The silver sears you!
The merfolk javelineer throws a silver javelin.
The silver javelin pierces through you! The silver sears you!
* * * LOW HITPOINT WARNING * * *
You start resting.
A merfolk javelineer is nearby!
A merfolk javelineer is nearby!
The merfolk javelineer throws a silver javelin.
The silver javelin pierces through you!!
* * * LOW HITPOINT WARNING * * *
The silver sears you!
* * * LOW HITPOINT WARNING * * *
You puncture the merfolk javelineer! You freeze the merfolk javelineer.
You claw the merfolk javelineer, but do no damage.
You headbutt the merfolk javelineer!!
The merfolk javelineer is heavily wounded.
The merfolk javelineer throws a silver javelin.
The silver javelin pierces through you!
* * * LOW HITPOINT WARNING * * *
The silver sears you!
* * * LOW HITPOINT WARNING * * *
Unknown command.
You feel much better.
The merfolk javelineer throws a silver javelin.
The silver javelin pierces through you!!
* * * LOW HITPOINT WARNING * * *
The silver sears you!
You die...
Your body crumbles into a pile of gold.

≈≈≈≈≈≈≈≈≈≈≈≈≈≈≈≈≈........
≈≈≈≈≈≈≈≈...≈≈≈≈≈≈..≈≈≈≈..
≈≈≈≈≈≈.......≈≈....≈≈≈..≈
≈≈≈≈≈.≈$§....≈≈≈≈≈..≈≈≈≈≈
≈≈≈≈≈.≈≈$....≈≈≈≈≈≈≈≈≈≈≈P
≈≈≈≈..$$###.≈≈≈≈≈≈≈≈≈≈≈≈≈
≈≈≈≈≈...# #...≈≈≈.≈≈≈≈P≈P
≈≈≈≈≈≈.m###.≈.≈≈≈≈≈≈≈≈≈≈≈
≈≈≈≈≈...@.....≈≈≈≈≈≈≈≈≈≈≈
≈≈≈≈≈≈........≈≈≈≈≈≈≈≈≈≈≈
≈≈≈≈≈≈≈......≈≈≈≈≈≈≈≈≈≈≈≈
≈≈≈≈≈≈≈≈....≈≈≈≈≈≈≈≈≈≈≈≈≈
≈≈≈≈≈≈≈≈≈≈.≈≈≈≈≈≈≈≈≈≈≈≈≈≈
≈≈≈≈≈≈≈≈≈≈≈≈≈≈≈≈≈≈≈≈≈≈≈≈
≈≈≈≈≈≈≈≈≈≈≈≈≈≈≈≈≈≈ ≈≈≈≈≈
≈≈≈≈≈≈≈≈≈≈≈≈≈≈≈≈≈≈ ≈≈≈≈≈
≈≈≈≈≈


You could see a merfolk javelineer (poisoned).

Vanquished Creatures
  Mennas (Depths:2)
  Mara (Vaults:2)
  Frederick (Vaults:2)
  Bai Suzhen (Vaults:2)
  Nikola (Spider:3)
  A golden dragon (Depths:5)
  the Enchantress (Depths:4)
  2 bone dragons
  2 tentacled monstrosities
  3 deep elf blademasters
  3 quicksilver dragons (Vaults:5)
  Jorgrun (Elf:2)
  A titan (Vaults:5)
  6 sphinxes
  Frances (Shoals:2)
  Kirke (Lair:2)
  9 tengu reavers
  Agnes (D:15)
  6 shadow dragons
  Donald (Vaults:4)
  4 storm dragons
  9 frost giants
  20 vault wardens
  5 iron dragons
  5 fire giants
  5 orc warlords
  A draconian knight (Depths:5)
  4 deep elf sorcerers
  4 emperor scorpions
  Aizul (Depths:3)
  2 cacodemons (Shoals:1)
  6 spriggan defenders
  A draconian shifter (Depths:5)
  6 ghost moths
  Louise (Spider:3)
  46 very ugly things
  2 deep elf elementalists
  23 ironbound preservers
  A war gargoyle (Vaults:4)
  A green draconian (Depths:5)
  25 stone giants
  4 deep elf demonologists
  10 deep elf annihilators
  2 vampire knights
  Nessos (D:14)
  2 red draconians (Depths:5)
  4 white draconians (Depths:5)
  6 entropy weavers
  7 spark wasps
  5 dire elephants (Vaults:1)
  An entropy weaver (shapeshifter) (Vaults:5)
  5 deep elf death magi
  2 merfolk impalers
  Josephine (Lair:6)
  7 ettins
  3 fire dragons
  3 jiangshi (Depths:1)
  A crystal guardian (Vaults:4)
  2 deep elf high priests (Elf:3)
  13 great orbs of eyes
  19 vault guards
  The ghost of lightspider the Fighter, a journeyman DrSu of Sif Muna (Shoals:1)
  7 rakshasas
  15 yaktaur captains
  9 ice dragons
  A hell beast (Depths:3)
  9 ironbound thunderhulks
  4 catoblepae
  3 spriggan air magi
  5 boulder beetles
  3 peacekeepers
  6 ogre magi
  9 hydras
  4 merfolk aquamancers
  6 ironbound frosthearts
  A death knight (D:13)
  Erica (Lair:2)
  15 centaur warriors
  19 two-headed ogres
  2 vampire magi (Depths:1)
  13 deep troll shamans
  2 hell hogs
  An alligator (shapeshifter) (Depths:4)
  10 deep troll earth magi
  5 tengu warriors
  4 death yaks
  2 spriggan berserkers
  19 deep elf knights
  5 ironbound beastmasters
  2 thrashing horrors
  9 orc high priests
  A soul eater (Depths:3)
  A shock serpent (shapeshifter) (Elf:3)
  A wretched star (Shoals:1)
  18 hell knights
  4 skeletal warriors
  8 iron trolls
  A spatial maelstrom (Abyss:2)
  9 sea snakes (Shoals:1)
  75 deep trolls
  A quicksilver dragon simulacrum (Depths:3)
  17 deep elf archers
  A shadow demon (Abyss:2)
  5 flayed ghosts
  10 wizards
  2 lindwurms (Vaults:1)
  Pikel (D:4)
  17 ironbound convokers
  5 large abominations
  5 phantasmal warriors
  16 harpies
  23 wolf spiders
  8 necromancers
  3 orc sorcerers (Orc:2)
  18 orc knights
  34 deep elf pyromancers
  A mana viper (shapeshifter) (Vaults:3)
  20 deep elf zephyrmancers
  A tengu skeleton (Vaults:1)
  19 orb spiders
  A shining eye (shapeshifter) (Depths:4)
  A frost giant zombie (Vaults:1)
  53 ugly things
  6 cyclopes
  3 fauns (Shoals:1)
  6 manticores
  4 moths of wrath
  5 black mambas
  An eye of devastation (shapeshifter) (Depths:2)
  8 merfolk sirens
  13 vault sentinels
  2 water nymphs (shapeshifter)
  An apocalypse crab (Abyss:2)
  3 torpor snails
  7 cane toads
  Maggie (D:8)
  3 water nymphs
  A gargoyle (D:13)
  2 smoke demons
  An unseen horror (D:11)
  3 rime drakes
  3 kobold demonologists (D:13)
  2 efreet
  11 komodo dragons
  34 yaktaurs
  11 demonic crawlers
  2 freezing wraiths (D:13)
  12 merfolk
  29 jumping spiders
  A yaktaur skeleton (Vaults:1)
  7 trolls
  3 meliai (D:15)
  A jumping spider (shapeshifter) (D:13)
  A tengu simulacrum (Vaults:4)
  3 wind drakes
  A raiju (Shoals:1)
  28 blink frogs
  8 polar bears
  17 hornets
  Grinder (D:4)
  29 slime creatures
  5 dream sheep (Lair:2)
  A frost giant simulacrum (Vaults:1)
  4 snapping turtles
  An air elemental (Elf:1)
  3 vampires
  82 redbacks
  21 spriggans
  A shadow (D:12)
  3 centaur simulacra (D:15)
  4 wraiths (Lair:6)
  5 wyverns
  7 water elementals
  44 tarantellas
  A hog (Lair:2)
  16 humans (D:14)
  A fire bat (shapeshifter) (Depths:2)
  A yak (shapeshifter) (D:14)
  Grum (D:8)
  57 yaks
  A basilisk (Lair:6)
  12 vampire mosquitoes
  4 wargs
  3 human skeletons
  A swamp worm (Lair:2)
  Duvessa (D:7)
  An acid dragon (D:11)
  A floating eye (shapeshifter) (Vaults:5)
  16 water moccasins
  2 ice beasts
  54 orc warriors
  4 black bears
  A necrophage (D:8)
  17 ogres
  8 boggarts
  28 wolves
  9 centaurs
  2 kobold brigands
  5 elf zombies (Elf:1)
  5 scorpions
  15 bullfrogs
  A glowing shapeshifter simulacrum (Vaults:4)
  4 earth elementals
  A gnoll sergeant (D:7)
  A water moccasin zombie (D:6)
  Dowan (D:7)
  13 wights
  4 electric eels
  4 howler monkeys
  7 starcursed masses
  3 centaur zombies
  32 orc priests
  3 centaur skeletons
  4 jellies
  A gnoll shaman (D:9)
  A hound (D:6)
  Jessica (D:3)
  Ijyb (D:4)
  2 iguanas
  29 orc wizards
  3 small abominations (Abyss:2)
  6 adders
  9 gnolls
  4 white imps
  2 ufetubi
  A dart slug (D:4)
  4 worms
  75 orcs
  4 ball pythons
  5 bats
  7 endoplasms
  3 giant cockroaches (D:3)
  4 goblins
  7 hobgoblins
  19 jackals
  10 kobolds
  5 quokkas
  2 frilled lizards
  16 rats
1907 creatures vanquished.

Vanquished Creatures (collateral kills)
  An ancient lich (Vaults:5)
  A deep elf master archer (Elf:3)
  A storm dragon (Vaults:5)
  A deep elf sorcerer (Elf:3)
  A frost giant (Vaults:5)
  2 ironbound preservers (Vaults:5)
  A very ugly thing (Vaults:5)
  A deep elf annihilator (Elf:3)
  A deep elf death mage (Elf:3)
  2 deep elf high priests (Elf:3)
  4 vault guards (Vaults:5)
  A deep troll earth mage (Vaults:5)
  A vault sentinel (Vaults:5)
  A deep elf archer (Elf:3)
  2 deep elf zephyrmancers (Elf:3)
  3 deep elf pyromancers (Elf:3)
  An ugly thing (Vaults:5)
  A redback (shapeshifter) (Vaults:5)
  A warg (shapeshifter) (Vaults:5)
  An orc warrior (Vaults:5)
  An earth elemental (Elf:3)
  An orc (Vaults:5)
30 creatures vanquished.

Vanquished Creatures (others)
  An ancient lich (Vaults:5)
  6 tentacled monstrosities (Vaults:5)
  A deep elf master archer (Elf:3)
  A titan (Vaults:5)
  A sphinx (Vaults:5)
  2 tengu reavers (Vaults:5)
  A fire giant (Depths:4)
  A vault warden (Vaults:5)
  2 deep elf elementalists (Elf:3)
  2 stone giants (Vaults:5)
  A quicksilver ooze (shapeshifter) (Vaults:5)
  A vampire knight (Vaults:3)
  2 deep elf demonologists (Elf:3)
  4 deep elf high priests (Elf:3)
  A yaktaur captain (Vaults:5)
  3 vault guards (Vaults:5)
  24 dancing weapons
  A deep elf knight (Elf:3)
  A lindwurm (Vaults:4)
  A wolf spider (Spider:3)
  An orb spider (Spider:2)
  4 deep elf zephyrmancers
  An ugly thing (Vaults:5)
  A vault sentinel (Vaults:5)
  A tarantella (Spider:2)
  A vampire (Vaults:3)
  4 humans (Spider:1)
  2 orc warriors (Vaults:5)
  An orc wizard (Orc:2)
  2 orcs (Vaults:5)
  A bush (Lair:2)
  21 fungi
  2 lurking horrors (Spider:2)
  58 plants
157 creatures vanquished.

Grand Total: 2094 creatures vanquished

Notes
Turn   | Place    | Note
-------+----------+-------------------------------------------
     0 | D:1      | Snicker the Demonspawn Brigand began the quest for the Orb.
     0 | D:1      | Reached XP level 1. HP: 16/16 MP: 1/1
    37 | D:1      | Reached skill level 1 in Dodging
   191 | D:1      | Gained mutation: You have a pair of small horns on your
                  | head. [demonic ancestry]
   191 | D:1      | Reached XP level 2. HP: 18/22 MP: 2/2
   297 | D:1      | Reached skill level 4 in Stealth
   628 | D:1      | Found Pefopsitt's Jewellery Shop.
   833 | D:1      | Reached XP level 3. HP: 16/27 MP: 3/3
  1973 | D:2      | Gained mutation: You have sharp fingernails. [demonic
                  | ancestry]
  1973 | D:2      | Reached XP level 4. HP: 30/30 MP: 4/4
  2385 | D:3      | Found a shimmering altar of Xom.
  2791 | D:3      | Noticed Jessica
  2795 | D:3      | Killed Jessica
  2840 | D:3      | Gained mutation: You regenerate a little health from kills.
                  | [demonic ancestry]
  2840 | D:3      | Reached XP level 5. HP: 38/38 MP: 5/5
  2958 | D:4      | Noticed a lemure
  2961 | D:4      | Noticed a lemure
  2962 | D:4      | Reached skill level 5 in Stealth
  2963 | D:4      | Noticed Pikel
  2964 | D:4      | Noticed a lemure
  2968 | D:4      | Noticed a lemure
  2977 | D:4      | Killed Pikel
  2978 | D:4      | Reached skill level 6 in Stealth
  2978 | D:4      | Reached XP level 6. HP: 29/46 MP: 6/6
  2978 | D:4      | Gained mutation: You have a pair of horns on your head.
                  | [demonic ancestry]
  2978 | D:4      | Reached XP level 7. HP: 32/51 MP: 7/7
  3549 | D:4      | Found a burning altar of Makhleb.
  3550 | D:4      | Found an ancient bone altar of Kikubaaqudgha.
  3551 | D:4      | Found a bloodstained altar of Trog.
  3551 | D:4      | Found a snail-covered altar of Cheibriados.
  3554 | D:4      | Found a sparkling altar of Nemelex Xobeh.
  3651 | D:4      | Noticed Grinder
  3659 | D:4      | Killed Grinder
  3673 | D:4      | You fall into a shaft and drop 2 floors!
  3686 | D:6      | Reached skill level 5 in Short Blades
  3916 | D:6      | Found a staircase to the Ecumenical Temple.
  3939 | D:6      | Reached skill level 7 in Stealth
  3939 | D:6      | Gained mutation: You have sharp toenails. [demonic
                  | ancestry]
  3939 | D:6      | Reached XP level 8. HP: 41/58 MP: 8/8
  4071 | Temple   | Entered the Ecumenical Temple
  4132 | Temple   | Became a worshipper of Gozag Ym Sagoz the Greedy
  4261 | D:6      | Reached skill level 1 in Evocations
  4266 | D:6      | Gained mutation: You are dopey. (Int -2) [potion of
                  | mutation]
  4266 | D:6      | Gained mutation: You have an increased reservoir of magic.
                  | (+10% MP) [potion of mutation]
  4266 | D:6      | Gained mutation: You are agile. (Dex +2) [potion of
                  | mutation]
  4279 | D:6      | Reached skill level 8 in Stealth
  4627 | D:6      | Gained mutation: Your demonic aura sometimes causes spilled
                  | blood to erupt in flames. [demonic ancestry]
  4627 | D:6      | Reached XP level 9. HP: 65/65 MP: 9/9
  4977 | D:5      | Entered Level 5 of the Dungeon
  4977 | D:5      | Found Xiqel's Weapon Boutique.
  5030 | D:5      | Found a hide-covered altar of Uskayaw.
  6503 | D:4      | Noticed Ijyb
  6512 | D:4      | Killed Ijyb
  6763 | D:7      | Reached skill level 9 in Stealth
  6915 | D:7      | Noticed Duvessa
  6934 | D:7      | Killed Duvessa
  6952 | D:7      | Noticed Dowan
  6958 | D:7      | Killed Dowan
  7140 | D:7      | Reached skill level 10 in Stealth
  7153 | D:7      | Gained mutation: You have razor-sharp toenails. [demonic
                  | ancestry]
  7153 | D:7      | Reached XP level 10. HP: 64/73 MP: 11/11
  7395 | D:1      | Bought the amulet of the Enemy {RegenMP Contam +Blink rC+
                  | Int+3} for 517 gold pieces
  7905 | D:8      | Noticed a two-headed ogre
  7930 | D:8      | Killed a two-headed ogre
  7931 | D:8      | Reached skill level 5 in Fighting
  7931 | D:8      | Reached skill level 1 in Armour
  7971 | D:8      | Noticed Grum
  8003 | D:8      | Killed Grum
  8214 | D:8      | Noticed Maggie
  8221 | D:8      | Killed Maggie
  9888 | D:1      | Bought a +6 ring of strength for 585 gold pieces
 10192 | D:9      | Found a staircase to the Lair.
 10293 | D:9      | Found an ornate altar of the Wu Jian Council.
 10398 | D:10     | Entered Level 10 of the Dungeon
 10474 | D:10     | Gained mutation: You have very sharp fingernails. [demonic
                  | ancestry]
 10474 | D:10     | Reached XP level 11. HP: 55/80 MP: 12/12
 10530 | D:10     | Found a staircase to the Orcish Mines.
 11038 | D:11     | Noticed a two-headed ogre
 11067 | D:10     | Killed a two-headed ogre
 11294 | Orc:1    | Entered Level 1 of the Orcish Mines
 11294 | Orc:1    | Noticed an orc knight
 11303 | D:10     | Reached skill level 11 in Stealth
 11406 | Lair:1   | Entered Level 1 of the Lair of Beasts
 12196 | Lair:1   | Noticed an oklob plant
 12283 | Lair:1   | Reached skill level 5 in Armour
 12340 | Lair:1   | Reached skill level 10 in Short Blades
 12352 | Lair:1   | Reached skill level 5 in Evocations
 12557 | Lair:1   | Reached skill level 5 in Dodging
 13314 | Lair:2   | Found a hole to the Spider Nest.
 13363 | Lair:2   | Gained mutation: You have claws for feet. [demonic
                  | ancestry]
 13363 | Lair:2   | Reached XP level 12. HP: 72/89 MP: 13/13
 13495 | Lair:2   | Noticed a catoblepas
 13502 | Lair:2   | Killed a catoblepas
 13517 | Lair:2   | Reached skill level 12 in Stealth
 13538 | Lair:2   | Identified 3 scrolls of acquirement
 13538 | Lair:2   | Acquired the +2 quick blade "Killer Klown's Foe" {vorpal,
                  | +Rage rElec Will++ Dex-4}
 13540 | Lair:2   | Noticed Erica
 13561 | Lair:2   | Noticed a death yak
 13563 | Lair:2   | Noticed a death yak
 13565 | Lair:2   | Noticed a death yak
 13565 | Lair:2   | Noticed a death yak
 13813 | Lair:1   | Acquired a +0 buckler of protection
 13825 | Lair:1   | Acquired a +7 quick blade
 14153 | Lair:1   | Bought a spiked scale mail for 315 gold pieces
 14153 | Lair:1   | Identified the +3 scale mail "Nyokk" {rPois Regen+ Dex+3}
                  | (You bought it in a shop on level 1 of the Lair of Beasts)
 14335 | D:11     | Found the +2 shield of Resistance {rF++ rC++ Will++}
 14566 | D:11     | Identified the Catalogue of the Captivating Glacier
 14613 | D:11     | Found an ancient bone altar of Kikubaaqudgha.
 14873 | D:11     | Noticed a two-headed ogre
 14877 | D:11     | Killed a two-headed ogre
 14930 | D:12     | Noticed a two-headed ogre
 14932 | D:12     | Reached skill level 1 in Shields
 14946 | D:11     | Killed a two-headed ogre
 15610 | Orc:1    | Noticed an orc warlord
 15644 | Orc:2    | Entered Level 2 of the Orcish Mines
 15646 | Orc:2    | Found a staircase to the Elven Halls.
 15711 | Orc:2    | Paralysed by an orc sorcerer for 2 turns
 15715 | Orc:2    | Noticed an orc warlord
 16084 | D:12     | Noticed a boulder beetle
 16109 | D:12     | Killed a boulder beetle
 16320 | Lair:1   | Killed a death yak
 16338 | Lair:2   | Gained mutation: You have a pair of large horns on your
                  | head. [demonic ancestry]
 16338 | Lair:2   | Reached XP level 13. HP: 96/96 MP: 14/14
 16370 | Lair:2   | Killed Erica
 16371 | Lair:2   | Found a staircase to the Shoals.
 17442 | Lair:3   | You fall into a shaft and drop 3 floors!
 17442 | Lair:6   | Entered Level 6 of the Lair of Beasts
 17486 | Lair:5   | Reached skill level 5 in Shields
 17502 | Lair:5   | Reached skill level 13 in Stealth
 19467 | Lair:2   | Bought the ring "Noixajae" {*Corrode rPois rN+++ EV+4
                  | Slay+2} for 1207 gold pieces
 19584 | Lair:6   | Reached XP level 14. HP: 85/106 MP: 15/15
 19747 | Lair:6   | Noticed Josephine
 19757 | Lair:6   | Killed Josephine
 19911 | Lair:6   | Paralysed by a hornet for 3 turns
 20468 | Lair:6   | Found a runed translucent door.
 20886 | Lair:6   | Found a viscous altar of Jiyva.
 20886 | Lair:6   | Noticed an azure jelly
 20887 | Lair:6   | Noticed an azure jelly
 20891 | Lair:6   | Found a staircase to the Slime Pits.
 20892 | Lair:6   | Noticed an azure jelly
 21105 | D:10     | Killed an orc warlord
 21785 | Orc:1    | Killed an orc warlord
 22105 | Orc:2    | Found a burning altar of Makhleb.
 22123 | Orc:2    | Found Geageas's Distillery.
 22179 | Orc:2    | Reached skill level 10 in Shields
 22474 | Orc:2    | Lost mutation: You are dopey. (Int -2) [potion of mutation]
 22474 | Orc:2    | Lost mutation: You are agile. (Dex +2) [potion of mutation]
 22474 | Orc:2    | Gained mutation: You are resistant to electric shocks.
                  | (rElec) [potion of mutation]
 22474 | Orc:2    | Gained mutation: You are agile. (Dex +2) [potion of
                  | mutation]
 22537 | Orc:2    | Reached XP level 15. HP: 96/114 MP: 16/16
 22566 | Orc:2    | Cast into level 2 of the Abyss (orc high priest)
 22600 | Abyss:2  | Found a corrupted altar of Lugonu.
 22738 | Abyss:2  | Reached skill level 14 in Stealth
 22796 | Abyss:2  | Gained mutation: Your spells are a little easier to cast,
                  | but a little less powerful. [a neqoxec]
 23075 | Abyss:2  | Found a corrupted altar of Lugonu.
 23118 | Abyss:2  | Noticed a bone dragon
 23147 | Abyss:2  | Killed a bone dragon
 23170 | Orc:2    | Escaped the Abyss
 23243 | Orc:2    | Found Fietsoah's Assorted Antiques.
 23243 | Orc:2    | Found Wikk's General Store.
 23243 | Orc:2    | Found Esoat's Book Emporium.
 23267 | Orc:2    | Found Iteny's Distillery.
 23275 | Orc:2    | Bought a book of Minor Magic for 240 gold pieces
 23278 | Orc:2    | Learned a level 2 spell: Blink
 23285 | Orc:2    | Bought a scroll of blinking for 105 gold pieces
 23287 | Orc:2    | Bought an ancient amethyst amulet for 145 gold pieces
 23287 | Orc:2    | Identified the amulet "Xiexic" {RegenMP rC+ Str+3 Stlth+}
                  | (You bought it in a shop on level 2 of the Orcish Mines)
 24369 | D:13     | Identified the +9 rapier of Dugruice {vorpal, Drain rElec
                  | MP-9 Str+8}
 24754 | D:13     | Reached skill level 10 in Fighting
 25037 | D:14     | Found a gate to the Vaults.
 25037 | D:14     | Noticed Nessos
 25108 | D:14     | Killed Nessos
 25350 | D:14     | Found Iffeosoh's Distillery.
 25359 | D:14     | Bought a potion of heal wounds for 90 gold pieces
 25359 | D:14     | Bought a potion of heal wounds for 90 gold pieces
 25751 | D:15     | Entered Level 15 of the Dungeon
 25817 | D:15     | Noticed Agnes
 25825 | D:15     | Killed Agnes
 26107 | D:15     | Reached skill level 10 in Armour
 26123 | D:15     | Found a staircase to the Depths.
 26376 | D:15     | Reached XP level 16. HP: 122/123 MP: 8/17
 27058 | Spider:1 | Entered Level 1 of the Spider Nest
 27269 | Lair:2   | Bought the brooch of Shielding {Spirit SH+8} for 1009 gold
                  | pieces
 27269 | Lair:2   | Found the brooch of Shielding {Spirit SH+8}
 27286 | Lair:2   | Gained mutation: You have a somewhat thin skeletal
                  | structure. (Dex +2, Stealth+) [mutagenic glow]
 28062 | Spider:1 | Noticed Kirke
 28158 | Lair:2   | Killed Kirke
 30816 | Spider:2 | Found a corrupted altar of Lugonu.
 30857 | Spider:2 | Found a one-way gate to the infinite horrors of the Abyss.
 31106 | Spider:2 | Acquired 1211 gold pieces
 31467 | Spider:3 | Reached skill level 1 in Translocations
 31486 | Spider:3 | Noticed Nikola
 31501 | Spider:3 | Killed Nikola
 31783 | Spider:3 | Noticed Louise
 31788 | Spider:3 | Killed Louise
 31821 | Spider:2 | Gained mutation: You regenerate health from kills. [demonic
                  | ancestry]
 31821 | Spider:2 | Reached XP level 17. HP: 105/130 MP: 6/18
 32402 | Spider:4 | Entered Level 4 of the Spider Nest
 33138 | Spider:4 | Reached skill level 15 in Shields
 33769 | Spider:4 | Got a gossamer rune of Zot
 34240 | Elf:1    | Entered Level 1 of the Elven Halls
 34926 | Elf:1    | Reached skill level 15 in Stealth
 35023 | Elf:1    | Found Teosuosh's Antique Weapon Boutique.
 35031 | Elf:1    | Bought a fine scimitar for 225 gold pieces
 35031 | Elf:1    | Identified the +8 scimitar "Jawaczoo" {antimagic, rF+ Will-
                  | Dex+3} (You bought it in a shop on level 1 of the Elven
                  | Halls)
 35371 | Elf:1    | Gained mutation: Your demonic aura often causes spilled
                  | blood to erupt in flames. [demonic ancestry]
 35371 | Elf:1    | Reached XP level 18. HP: 138/138 MP: 8/19
 35584 | Elf:1    | Identified Sif Muna's Compendium of Stolen Souls
 35925 | Elf:2    | Reached skill level 5 in Translocations
 35937 | Elf:2    | Found a huge runed translucent gate.
 35937 | Elf:2    | Found a huge runed translucent gate.
 35943 | Elf:2    | Found a huge runed translucent gate.
 35944 | Elf:2    | Found a huge runed translucent gate.
 35945 | Elf:2    | Found a huge runed translucent gate.
 36423 | Elf:2    | Noticed Jorgrun
 36430 | Elf:2    | Killed Jorgrun
 36901 | Elf:3    | Entered Level 3 of the Elven Halls
 36976 | Elf:3    | Noticed a Tzitzimitl
 37135 | Elf:3    | Reached skill level 10 in Dodging
 37251 | Elf:3    | Identified the amulet of Entrepreneurial Spirit {Acrobat
                  | Will++ Int+3}
 37281 | Elf:3    | Identified the ring of the Catamount {rCorr Int+2}
 37324 | Elf:3    | Identified the ring of Fuske {*Slow rN+ Str+5 Dex+7}
 37369 | Elf:3    | Identified Sif Muna's Volume of the Doomed Rocks
 37373 | Elf:3    | Identified the +8 plate armour "Cuppomocw" {Regen+ Str+4}
 37734 | Elf:3    | Gained mutation: You punish those that try to bend your
                  | will. (Will+) [demonic ancestry]
 37734 | Elf:3    | Reached XP level 19. HP: 146/146 MP: 11/20
 38189 | Vaults:1 | Entered Level 1 of the Vaults
 38639 | Vaults:1 | Reached skill level 16 in Stealth
 38658 | Vaults:1 | HP: 1/148 [yaktaur captain/bolt (46)]
 38952 | Vaults:1 | Found Nozuf's Antique Armour Boutique.
 38955 | Vaults:1 | Bought a steaming leather armour for 203 gold pieces
 38955 | Vaults:1 | Identified the +6 leather armour of Disappointment {rC+
                  | rCorr Int+6 Dex-5} (You bought it in a shop on level 1 of
                  | the Vaults)
 38975 | Vaults:1 | Bought an emerald-encrusted plate armour for 812 gold
                  | pieces
 38975 | Vaults:1 | Identified the +8 plate armour "Ecoze" {rF+ Str+2 Int+4}
                  | (You bought it in a shop on level 1 of the Vaults)
 39780 | Vaults:1 | Learned a level 5 spell: Manifold Assault
 40361 | Depths:1 | Entered Level 1 of the Depths
 40375 | Depths:1 | Reached skill level 1 in Spellcasting
 41182 | Vaults:2 | Noticed Frederick
 41196 | Vaults:2 | Killed Frederick
 41360 | Vaults:2 | Reached XP level 20. HP: 156/156 MP: 25/25
 41874 | Vaults:2 | Noticed Bai Suzhen
 41876 | Vaults:2 | Killed Bai Suzhen
 42235 | Vaults:2 | Noticed Mara
 42243 | Vaults:2 | Killed Mara
 42725 | Vaults:3 | Reached skill level 17 in Stealth
 42863 | Vaults:3 | Found a staircase to the Crypt.
 44329 | Vaults:4 | Gained mutation: You have claws for hands. [demonic
                  | ancestry]
 44329 | Vaults:4 | Reached XP level 21. HP: 166/166 MP: 27/27
 44485 | Vaults:4 | Reached skill level 18 in Stealth
 44816 | Vaults:4 | Noticed Donald
 44834 | Vaults:4 | Killed Donald
 45071 | Vaults:4 | Reached skill level 15 in Fighting
 45927 | Vaults:5 | Entered Level 5 of the Vaults
 45955 | Vaults:5 | Identified the +4 robe "Tintetro" {rF+ Will+}
 45956 | Vaults:5 | Identified the +12 dire flail of the Hand {pain, SInv}
 46545 | Vaults:5 | Found Vitupp's Antique Armour Shop.
 46562 | Vaults:5 | Bought a jewelled cloak for 408 gold pieces
 46562 | Vaults:5 | Identified the +2 cloak "Qiofical" {Str+2} (You bought it
                  | in a shop on level 5 of the Vaults)
 46578 | Vaults:5 | Bought a faintly humming leather armour for 301 gold pieces
 46578 | Vaults:5 | Identified the +5 leather armour of the Nightingale {Harm
                  | Slay+2} (You bought it in a shop on level 5 of the Vaults)
 46629 | Vaults:5 | Noticed an ancient lich
 46651 | Vaults:5 | Identified the +8 mace of Dim Light {venom, rN+++ Will+++
                  | Dex-3 Stlth+}
 46717 | Vaults:5 | Identified the +10 halberd of Nocoxki {protect, Will++}
 46717 | Vaults:5 | Identified the +2 ring mail of Parts Unknown {rElec Str+2}
 46718 | Vaults:5 | Noticed an ancient lich
 46749 | Vaults:5 | Killed an ancient lich
 46772 | Vaults:5 | Gained mutation: You are resistant to unholy torment.
                  | [demonic ancestry]
 46772 | Vaults:5 | Reached XP level 22. HP: 172/177 MP: 3/30
 46852 | Vaults:5 | Got a silver rune of Zot
 47359 | Vaults:5 | Reached skill level 5 in Spellcasting
 47371 | Vaults:5 | Identified the +0 leather armour "Wevyas" {rPois rCorr
                  | Str-3 Dex+4}
 47993 | Vaults:5 | Reached skill level 19 in Stealth
 48628 | Depths:1 | Found a gateway to Hell.
 48764 | Depths:1 | Learned a level 6 spell: Dispersal
 48809 | Depths:1 | Found a shadowy altar of Dithmenos.
 49358 | Depths:2 | Found Zaubriat's Assorted Antiques.
 49360 | Depths:2 | Found Ketoumi's Armour Shop.
 49362 | Depths:2 | Found Yzonakaz's Jewellery Boutique.
 49366 | Depths:2 | Bought a glimmering leather armour for 266 gold pieces
 49366 | Depths:2 | Identified the +4 leather armour "Faner" {-Tele rC+ rN+}
                  | (You bought it in a shop on level 2 of the Depths)
 50420 | Depths:2 | Gained mutation: You can hurl damnation. [demonic ancestry]
 50420 | Depths:2 | Reached XP level 23. HP: 186/186 MP: 34/34
 50737 | Depths:2 | Found a bloodstained altar of Trog.
 51250 | Depths:3 | Found Vymuj's Distillery.
 51275 | Depths:3 | Noticed Mennas
 51414 | Depths:2 | Reached skill level 20 in Stealth
 51626 | Depths:2 | Killed Mennas
 52167 | Depths:3 | Found a one-way gate leading to the halls of Pandemonium.
 52220 | Depths:3 | Found a bloodstained altar of Trog.
 52378 | Depths:3 | Reached skill level 15 in Dodging
 52531 | Depths:3 | Noticed Aizul
 52544 | Depths:3 | Killed Aizul
 52773 | Depths:3 | You fall into a shaft and drop 2 floors!
 52773 | Depths:5 | Entered Level 5 of the Depths
 52899 | Depths:4 | Noticed the Enchantress
 52917 | Depths:4 | Killed the Enchantress
 52922 | Depths:4 | Identified the +8 arbalest of the Foot {speed, rElec Will+}
 53029 | Depths:4 | Reached XP level 24. HP: 198/198 MP: 20/34
 53256 | Depths:4 | Identified the +7 arbalest "Qudin" {vorpal, Dex+3}
 53528 | Depths:3 | You fall into a shaft and drop 2 floors!
 53660 | Depths:5 | Found a gate to the Realm of Zot.
 53860 | Depths:5 | Reached skill level 21 in Stealth
 54383 | Depths:3 | Found an iron altar of Okawaru.
 54546 | Depths:3 | Identified the +9 dagger "Jocvy" {speed, rF- Int+3 Dex+2}
 55015 | Depths:3 | Identified the +1 ring mail of Hedge Wizardry {Str+6}
 55366 | Vaults:5 | Bought a scorched cloak for 361 gold pieces
 55366 | Vaults:5 | Identified the +0 cloak of Impermeability {rC+} (You bought
                  | it in a shop on level 5 of the Vaults)
 55366 | Vaults:5 | Bought a spiked ring mail for 342 gold pieces
 55366 | Vaults:5 | Identified the +5 ring mail "Xokupt" {Harm *Corrode rN+++
                  | Dex+5} (You bought it in a shop on level 5 of the Vaults)
 55694 | Shoals:1 | Entered Level 1 of the Shoals
 55918 | Shoals:1 | Found Hohic's Weapon Shop.
 56023 | Shoals:1 | Noticed lightspider's ghost (journeyman DrSu)
 56028 | Shoals:1 | Found a transporter.
 56053 | Shoals:1 | Found a transporter.
 56632 | Shoals:1 | Killed lightspider's ghost
 56669 | Shoals:1 | Identified the +3 scimitar "Hydrabane" {drain, +Rage rElec
                  | rCorr Str-4 Dex+4}
 56894 | Shoals:2 | Noticed Frances
 56907 | Shoals:2 | Killed Frances
 57207 | Shoals:2 | Hit by a silver javelin thrown by a merfolk javelineer

Illustrated notes

Levels and vault maps discovered:
D:1:      matt_arrival_debris, layout_basic, serial_shops, nicolae_shop_trees,
          minmay_misc_feat_four_crosses, nrook_mini_vaults,
          minmay_misc_feat_secret_circle, fountainhead, minmay_rat_gold_closets
D:2:      layout_loops_ring
D:3:      layout_rooms, xom_redecorated, minmay_misc_feat_roman, uniq_jessica
D:4:      layout_basic, minitemple, uniq_ijyb, uniq_grinder, uniq_pikel
D:5:      layout_basic, nicolae_uskayaw_dance_hall, serial_shops, shop,
          minmay_misc_feat_doors
D:6:      layout_cave_pods, minmay_temple_entry_grid
D:7:      layout_rooms, minmay_starry_boxes, uniq_duvessa
D:8:      layout_basic, minivault_11, palyth_stone_intersect, uniq_maggie,
          uniq_grum
D:9:      layout_roguey, nzn_wu_jian_contemplation, lair_entry_dummy
D:10:     layout_rooms, david_orc_3
D:11:     layout_long_grid, kiku_gazebo_garden_becter
D:12:     layout_rooms, serial_bayou, serial_bayou_pond_c, serial_bayou_pond_b,
          serial_bayou_crossing, serial_bayou_pond_a
D:13:     layout_rooms
D:14:     layout_irregular_city, david_vaults_3, serial_shops,
          nicolae_shop_statue_plus
D:15:     grunt_enter_depths_hoard, layout_stronghold, good_gods_mini_temple,
          serial_column_ruins, column_ruins_square_medium, column_ruins_grid_1,
          column_ruins_columns_straight, column_ruins_columns_T,
          column_ruins_open_tiny_water, column_ruins_grid_1,
          grunt_ministairs_14, uniq_agnes
Temple:   dshaligram_water_room_temple
Lair:1:   layout_small_grid, grunt_forest_large_clearing_hut,
          minmay_lair_oklob_chamber, serial_bayou_shore_a, grunt_megastairs_3
Lair:2:   statuecave_lemuel, layout_regular_city, elwin_shoals_entry_stream,
          dummy_spider_entry, worms_lemuel, uniq_erica
Lair:3:   layout_loops_ring
Lair:4:   layout_hall_layers, serial_bayou_shore_b, infiniplex_staircase_pool,
          grunt_megastairs_4
Lair:5:   layout_misc_corridors
Lair:6:   minmay_lair_end_enchanted_forest, layout_concentric_octagons,
          slime_altar_2, lemuel_fruit_tree, serial_bayou_shore_b, uniq_josephine
Shoals:1: cheibrodos_shoals_three_sisters, layout_shoals, serial_shops, shop,
          gammafunk_ghost_abyssal_escape
Shoals:2: layout_shoals, uniq_frances
Spider:1: layout_spider_delve, uniq_kirke
Spider:2: layout_spider_delve, portal_ice_cave_entry_pillars_2,
          amcnicky_altar_lugonu_corruption, hangedman_spider_tarantella_strand
Spider:3: layout_spider_delve, hangedman_spider_mandibles, uniq_louise,
          uniq_nikola
Spider:4: spider_rune_water
Orc:1:    layout_caves
Orc:2:    st_orc_mages, layout_caves, basic_altar, serial_shops, shop
Elf:1:    minmay_elf_arrival_plus, layout_geoelf_diagonals, serial_shops, shop,
          minmay_elf_necromancy, drop_trap, glass_columns_a, hex_large
Elf:2:    layout_gridlike, uniq_jorgrun
Elf:3:    minmay_elf_hall_not_hex, layout_geoelf_octagon,
          minmay_strange_pillars, minmay_fountain_box
Vaults:1: nicolae_vaults_minivaults, nicolae_vaults_stairing_the_circle,
          nicolae_vaults_three_branches, v_pattern_3,
          nicolae_vaults_mini_display_case, vaults_mumra_hex,
          layout_vaults_omnigrid, serial_shops, nicolae_shop_behind_doors
Vaults:2: ontoclasm_vaults_hangar, st_quartered_hall,
          nicolae_vaults_network_quincunx
          [nicolae_vaults_network_quincunx_subvault,
          nicolae_vaults_network_quincunx_subvault,
          nicolae_vaults_network_quincunx_subvault,
          nicolae_vaults_network_quincunx_subvault,
          nicolae_vaults_network_quincunx_subvault],
          ontoclasm_vaults_claustrophobia, nicolae_vaults_sealed_display,
          hangedman_vaults_restitches, ontoclasm_vaults_shuriken, v_misc_4,
          vaults_room_octagon, vaults_room_corners, vaults_room_fours,
          layout_vaults_big_cross, uniq_mara, uniq_bai_suzhen, uniq_frederick
Vaults:3: minmay_crypt_entry_vampire_xt, nicolae_vaults_network_periphery,
          hangedman_vaults_nails, v_misc_14, vaults_standard_mumra_lines,
          st_diamondy, vaults_mumra_hexcomb, grunt_vaults_funnel,
          hangedman_vaults_impose, hangedman_vaults_snaps,
          nicolae_vaults_little_squares_3, layout_vaults_ring
Vaults:4: grunt_vaults_hallway_long, vaults_room_grid, v_rooms_3,
          vaults_mumra_minichess, special_room_vaults [special_room_orc],
          vaults_room_grid, layout_vaults_big_room, uniq_donald
Vaults:5: serial_shops
Depths:1: layout_forbidden_donut, pf_vacation_house_of_asmodeus,
          nicolae_dithmenos_shadow_blocks, grunt_megastairs_1
Depths:2: kennysheep_water_balloons, layout_basic, hangedman_coc_ice_floe,
          minmay_crystal_room, trog_three_pillars_becter, minmay_shop_star,
          grunt_megastairs_5, infiniplex_staircase_zigzag_1
Depths:3: evilmike_iron_armoury, layout_cross, grunt_mini_vestibule,
          lemuel_crystal_altar, rand_demon_pan_entry_1, serial_shops,
          nicolae_shop_trees, uniq_aizul, uniq_mennas, uniq_margery
Depths:4: minmay_the_grid_octo_tiled_squarecenter_mashed
          [minmay_the_grid_octo_clover, minmay_the_grid_octo_empty,
          minmay_the_grid_octo_fan_narrow, minmay_the_grid_octo_checkered,
          minmay_the_grid_square_5x5_megaprize_checkered,
          minmay_the_grid_square_5x5_corner,
          minmay_the_grid_square_5x5_misaligned,
          minmay_the_grid_square_5x5_broken_cross,
          minmay_the_grid_square_5x5_slash], layout_gridville, enter_ziggurat_e,
          hell_entry, abyss_entry_small_statue_room,
          ashenzari_conservatory_becter, infiniplex_staircase_x,
          uniq_enchantress, uniq_jory
Depths:5: grunt_crosshair, layout_basic, hell_entry, hangedman_aviary

Skill      XL: |  1  2  3  4  5  6  7  8  9 10 11 12 13 14 15 16 17 18 19 20 21 22 23 24 |
---------------+-------------------------------------------------------------------------+-----
Dodging        | 1 2 3 4 5 6 7 8 9 10 11 13 14 15 16 | 16.9
Short Blades   | 2 3 4 5 6 8 9 10 11 12 14 | 14.5
Stealth        | 4 6 7 8 10 11 12 13 14 15 16 17 18 19 20 21 | 21.4
Throwing       | 2 3 |  3.0
Fighting       | 3 4 5 6 7 8 9 10 11 13 14 15 16 18 19 | 19.1
Evocations     | 1 3 5 6 |  6.0
Armour         | 3 5 7 8 9 10 11 12 | 12.3
Shields        | 3 7 10 12 14 15 16 | 16.1
Translocations | 1 4 6 7 8 9 |  9.5
Spellcasting   | 2 3 5 6 |  6.6
Maces & Flails | |  0.6

Action                   |  1- 3 |  4- 6 |  7- 9 | 10-12 | 13-15 | 16-18 | 19-21 | 22-24 || total
-------------------------+-------+-------+-------+-------+-------+-------+-------+-------++-------
Melee: Dagger            |   145 |    54 |   209 |   334 |       |       |       |       ||   742
       Headbutt          |    21 |     5 |    44 |   153 |   359 |   340 |   430 |   599 ||  1951
       Whip              |       |       |    10 |     2 |       |       |       |       ||    12
       Kick              |       |       |    56 |   258 |   579 |   502 |   679 |   950 ||  3024
       Rapier            |       |       |       |    32 |   172 |  1040 |   236 |       ||  1480
       Quick blade       |       |       |       |   196 |  1082 |       |  1203 |  1718 ||  4199
Throw: Dart              |     2 |     3 |     2 |       |     1 |       |       |     2 ||    10
 Cast: Manifold Assault  |       |       |       |       |       |       |    12 |     5 ||    17
Invok: Call Merchant     |       |       |       |     1 |     3 |     1 |       |     2 ||     7
       Bribe Branch      |       |       |       |       |       |     1 |     1 |       ||     2
Evoke: Wand              |       |     2 |     6 |       |     6 |     1 |       |     1 ||    16
  Use: Potion            |       |       |     3 |       |    13 |     6 |     6 |     5 ||    33
       Scroll            |       |       |       |    16 |     1 |     4 |     4 |     1 ||    26
 Stab: Sleeping          |     8 |     9 |    15 |    17 |    23 |    34 |    39 |    35 ||   180
       Distracted        |       |       |     2 |     5 |    19 |    15 |    17 |    21 ||    79
       Petrified         |       |       |       |       |     1 |       |       |       ||     1
       Held in net/web   |       |       |       |       |       |     1 |       |       ||     1
       Petrifying        |       |       |       |       |       |       |     1 |       ||     1
Armor: Robe              |    51 |    20 |    24 |       |       |       |       |       ||    95
       Leather armour    |       |       |     9 |     9 |       |       |    50 |    42 ||   110
       Swamp dragon scal |       |       |       |    52 |       |       |       |       ||    52
       Scale mail        |       |       |       |    48 |   170 |   172 |    10 |       ||   400
       Acid dragon scale |       |       |       |       |       |       |       |    14 ||    14
Dodge: Dodged            |   151 |    28 |   102 |   200 |   387 |   538 |   316 |   351 ||  2073
Block: Kite shield       |       |       |       |    81 |   523 |  1092 |   753 |   792 ||  3241
       Buckler           |       |       |       |     6 |       |       |       |       ||     6

Table legend: (Time is in decaauts)
 A = Elapsed time spent in this place.
 B = Non-inter-level travel time spent in this place.
 C = Inter-level travel time spent in this place.
 D = Time resting spent in this place.
 E = Time spent auto-exploring this place.
 F = Levels seen in this place.
 G = Mean time per level.
                   A        B        C        D        E       F      G
               +--------+--------+--------+--------+--------+-----+--------+
         Total |  54007 |  48929 |   5078 |   6326 |  29376 |  44 | 1227.4 |
       Dungeon |  17371 |  14728 |   2643 |   2196 |   9350 |  15 | 1158.1 |
        Temple |     77 |     61 |     16 |      0 |     57 |   1 |   77.0 |
          Lair |   8920 |   8053 |    867 |   1350 |   4809 |   6 | 1486.7 |
        Shoals |   1488 |   1467 |     21 |      5 |    870 |   2 |  744.0 |
   Spider Nest |   5088 |   4922 |    166 |    987 |   2502 |   4 | 1272.0 |
  Orcish Mines |   2172 |   2040 |    132 |    542 |    689 |   2 | 1086.0 |
   Elven Halls |   3238 |   3076 |    162 |     37 |   1985 |   3 | 1079.3 |
        Vaults |   9156 |   8410 |    746 |    533 |   5471 |   5 | 1831.2 |
        Depths |   5946 |   5624 |    322 |    675 |   3417 |   5 | 1189.2 |
         Abyss |    546 |    546 |      0 |      0 |    224 |   1 |  546.0 |
               +--------+--------+--------+--------+--------+-----+--------+

Top non-repeatable levels by time:
  Lair:2: 2713 daAuts
  Lair:1: 2446 daAuts
Depths:2: 2384 daAuts
Vaults:1: 2118 daAuts
Vaults:5: 2068 daAuts
Vaults:2: 1832 daAuts
    D:10: 1826 daAuts
Spider:1: 1798 daAuts
     D:9: 1746 daAuts
     D:4: 1638 daAuts
Spider:4: 1610 daAuts
Vaults:3: 1574 daAuts
Vaults:4: 1563 daAuts
     D:1: 1502 daAuts
    D:15: 1456 daAuts
